 Dungeon Crawl Stone Soup version 0.31-a0-1082-g7d1fb776a8 (webtiles) character file.

Game seed: 17316722737304182416

430 Dirtsage the Insei (level 6, 0/47 HPs)
             Began as a Demonspawn Monk on Nov 27, 2023.
             Splashed by a jelly's acid (4 damage)
             ... on level 4 of the Dungeon.
             The game lasted 00:03:20 (2434 turns).

Dirtsage the Insei (Demonspawn Monk)                Turns: 2434, Time: 00:03:20

Health: 0/47       AC: -3    Str: 13    XL:     6   Next: 66%
Magic:  6/6        EV: 11    Int: 11    God:
Gold:   166        SH:  0    Dex: 16    Spells: 5/5 levels left

rFire   + .          .
                       - Unarmed
rCold   . . .        c - orb {light}
rNeg    . . .        g - +0 ring mail
rPois   +            (no helmet)
rElec   .            (no cloak)
rCorr   .            (no gloves)
SInv    .            (no boots)
Will    .....        (no amulet)
Stlth   +            P - ring of poison resistance
HPRegen 0.27/turn    F - ring of protection from fire
MPRegen 0.10/turn

%: no passive effects
@: corroded, glowing
A: hooves 1, spiny 2
a: no special abilities


You were on level 4 of the Dungeon.
You visited 1 branch of the dungeon, and saw 4 of its levels.

You collected 166 gold pieces.

Inventory:

Missiles
 p - a throwing net
Armour
 a - a +0 robe
 c - an orb of light (worn)
 g - a +0 ring mail (worn)
Jewellery
 o - a +6 ring of dexterity
 F - a ring of protection from fire (right hand)
 P - a ring of poison resistance (left hand)
Talismans
 e - a flux talisman
Scrolls
 d - 3 scrolls of poison {unknown}
 f - 2 scrolls of silence {unknown}
 h - a scroll of fear {unknown}
 i - 6 scrolls of identify {unknown}
 l - a scroll of teleportation {unknown}
 q - a scroll of butterflies {unknown}
 s - a scroll of fog {unknown}
Potions
 b - a potion of ambrosia
 j - a potion of lignification {unknown}
 k - a potion of attraction {unknown}
 m - 2 potions of curing {unknown}
 n - a potion of brilliance {unknown}
 r - a potion of might {unknown}


   Skills:
 - Level 3.0 Fighting
 - Level 2.6 Dodging
 + Level 7.0 Unarmed Combat


You had 5 spell levels left.
You didn't know any spells.
Your spell library contained the following spells:

 Spells                   Type           Power      Damage    Failure   Level
 Hailstorm                Conj/Ice       0%         3d3       93%         3
 Summon Ice Beast         Ice/Summ       0%         N/A       100%        4
 Simulacrum               Ice/Necr       0%         N/A       100%        6


Dungeon Overview and Level Annotations

Branches:
Dungeon (4/15)
 Temple: D:4-7

Altars:
Cheibriados
Dithmenos
Kikubaaqudgha
Makhleb


Innate Abilities, Weirdness & Mutations

You have large cloven feet.
You are mostly covered in sharp spines.


Message History

The gnoll is almost dead.
The gnoll hits you but does no damage.
You hit the gnoll.
You kill the gnoll!
The jelly quivers.
Things that are here:
a +0 flail; a +0 flail; a gnoll corpse You barely miss the goblin.
Your kick misses the goblin. The goblin hits you with a +0 club.
You take 1 damage, and have 28/47 hp.
You barely miss the goblin. Your kick misses the goblin. You punch the goblin!
You kill the goblin!
The kobold throws a stone.
The stone hits you but does no damage.
You see here a +0 club.
The kobold throws a stone.
The stone barely misses you. The kobold closely misses you.
You barely miss the kobold. The kobold is struck by your spines.
You kill the kobold!
Things that are here:
a +0 club; a stone You punch the quokka!
You kill the quokka!
Your Unarmed Combat skill increases to level 7!
You see here a quokka corpse.
The jelly hits you. The acid corrodes you!
You are splashed with acid!
You take 8 damage, and have 22/47 hp.
The jelly is struck by your spines. The jelly hits you. The acid corrodes you!
You are splashed with acid.
You take 7 damage, and have 15/47 hp.
You hit the jelly. The acid corrodes you!
Your hands burn!
* * * LOW HITPOINT WARNING * * *
The jelly is heavily wounded.
The jelly is struck by your spines. The jelly hits you.
* * * LOW HITPOINT WARNING * * *
You are splashed with acid!
* * * LOW HITPOINT WARNING * * *
You take 11 damage, and have 4/47 hp.
MASSIVE DAMAGE!!
You hit the jelly but do no damage.
Your hands burn!
You die...

##.)######.##.._
####.)#######..'...
####..........#####.._
#....#.#......# ###.
#....#).......# ##
#..?...#####.?# ######
#....†##...##.........
#.....#.#.#.#.### ###
#....@J.#|#......###..
####..#.#.#.#.##..#...
#..##...##.......#.
#...#####.....#....
#... ......## ##...
#......... #... ##...
.... ##.. #.... ...
#.. #..


You could see a jelly.

Vanquished Creatures
  An ice beast (D:4)
  2 orc priests (D:3)
  A hound (D:4)
  3 orc wizards
  8 gnolls
  2 adders
  A worm (D:4)
  A dart slug (D:3)
  9 orcs
  5 endoplasms
  11 goblins
  A hobgoblin (D:1)
  5 quokkas
  7 ball pythons
  4 bats
  5 frilled lizards
  6 kobolds
  3 rats
75 creatures vanquished.

Notes
Turn   | Place    | Note
-------+----------+-------------------------------------------
     0 | D:1      | Dirtsage the Demonspawn Monk began the quest for the Orb.
     0 | D:1      | Reached XP level 1. HP: 18/18 MP: 1/1
   211 | D:1      | Found a faded altar of an unknown god.
   232 | D:1      | Reached skill level 3 in Unarmed Combat
   392 | D:1      | Gained mutation: You are partially covered in sharp spines.
                  | [demonic ancestry]
   392 | D:1      | Reached XP level 2. HP: 21/24 MP: 2/2
   850 | D:2      | Gained mutation: You have large cloven feet. [demonic
                  | ancestry]
   850 | D:2      | Reached XP level 3. HP: 26/29 MP: 3/3
  1118 | D:2      | Found an ancient bone altar of Kikubaaqudgha.
  1133 | D:3      | Reached skill level 4 in Unarmed Combat
  1251 | D:3      | Reached XP level 4. HP: 35/35 MP: 4/4
  1358 | D:3      | Reached skill level 5 in Unarmed Combat
  1604 | D:3      | Gained mutation: You are mostly covered in sharp spines.
                  | [demonic ancestry]
  1604 | D:3      | Reached XP level 5. HP: 22/41 MP: 5/5
  1812 | D:4      | Found a burning altar of Makhleb.
  1820 | D:4      | Noticed an ice beast
  1956 | D:4      | Reached skill level 6 in Unarmed Combat
  2053 | D:4      | Killed an ice beast
  2054 | D:4      | Reached XP level 6. HP: 23/47 MP: 6/6
  2365 | D:4      | Found a shadowy altar of Dithmenos.
  2366 | D:4      | Found a snail-covered altar of Cheibriados.
  2430 | D:4      | Reached skill level 7 in Unarmed Combat
  2434 | D:4      | Splashed by a jelly's acid

Illustrated notes

Levels and vault maps discovered:
D:1:      elethiomel_arrival_shortcut, layout_basic,
          chequers_ecumenical_altar_island
D:2:      layout_rooms, basic_altar
D:3:      layout_loops_cross, minmay_statues_item
D:4:      layout_rooms, bloody_makhleb, gammafunk_temple_overflow_statue,
          minmay_checkerbox

Skill      XL: |  1  2  3  4  5  6 |
---------------+-------------------+-----
Unarmed Combat | 3 4 5 6 7 |  7.0
Fighting       | |  3.0
Dodging        | |  2.6

Action                     |  1- 3 |  4- 6 || total
---------------------------+-------+-------++-------
  Melee: Unarmed           |    66 |    97 ||   163
         Kick              |     5 |    41 ||    46
  Throw: Throwing net      |       |     1 ||     1
   Stab: Held in net/web   |       |     1 ||     1
 Armour: Robe              |    20 |       ||    20
         Ring mail         |     8 |    49 ||    57
  Dodge: Dodged            |    29 |    36 ||    65

Table legend: (Time is in decaauts)
 A = Elapsed time spent in this place.
 B = Non-inter-level travel time spent in this place.
 C = Inter-level travel time spent in this place.
 D = Time resting spent in this place.
 E = Time spent auto-exploring this place.
 F = Levels seen in this place.
 G = Mean time per level.
                   A        B        C        D        E       F      G
               +--------+--------+--------+--------+--------+-----+--------+
         Total |   2419 |   2347 |     72 |     69 |   1897 |   4 |  604.8 |
       Dungeon |   2419 |   2347 |     72 |     69 |   1897 |   4 |  604.8 |
               +--------+--------+--------+--------+--------+-----+--------+

Top non-repeatable levels by time:
     D:3: 786 daAuts
     D:1: 775 daAuts
     D:4: 505 daAuts
     D:2: 352 daAuts
